 Dungeon Crawl Stone Soup version 0.30-a0-779-g7971cf19c3 (webtiles) character file.

Game seed: 17472277360526703339

203 Darius099 the Chopper (level 5, -2/46 HPs)
             Began as a Minotaur Fighter on Feb 17, 2023.
             Slain by Sigmund
             ... wielding a +1 scythe of venom
              (10 damage)
             ... on level 4 of the Dungeon.
             The game lasted 00:06:53 (1524 turns).

Darius099 the Chopper (Minotaur Fighter)            Turns: 1524, Time: 00:06:53

Health: -2/46      AC:  7    Str: 23    XL:     5   Next: 51%
Magic:  4/4        EV: 14    Int:  5    God:
Gold:   72         SH:  4    Dex:  9    Spells: 4/4 levels left

rFire   . . .      SeeInvis .    a - +0 war axe
rCold   . . .      Faith    .    c - +0 buckler
rNeg    . . .      Spirit   .    b - +0 scale mail
rPois   .          Reflect  .    (helmet restricted)
rElec   .          Harm     .    (no cloak)
rCorr   .          Rampage  .    (no gloves)
Will    .....                    (no boots) Stlth
                                 (no amulet)
HPRegen 0.27/turn                h - +5 ring of evasion
MPRegen 0.09/turn                (no ring)

@: invisible
A: horns 2, retaliatory headbutt
a: no special abilities


You were on level 4 of the Dungeon.
You visited 2 branches of the dungeon, and saw 6 of its levels.

You collected 72 gold pieces.

Inventory:

Hand Weapons
 a - a +0 war axe (weapon)
Missiles
 g - 4 boomerangs (quivered)
 j - 9 stones
Armour
 b - a +0 scale mail (worn)
 c - a +0 buckler (worn)
Jewellery
 h - a +5 ring of evasion (left hand)
 n - a +6 ring of intelligence
Scrolls
 e - 3 scrolls of teleportation {unknown}
 l - 3 scrolls of magic mapping {unknown}
 m - a scroll of vulnerability {unknown}
 o - a scroll of amnesia {unknown}
 p - a scroll of enchant armour {unknown}
 r - 4 scrolls of poison {unknown}
Potions
 d - a potion of might
 f - 2 potions of invisibility
 i - a potion of resistance {unknown}
 k - a potion of curing
 q - a potion of brilliance {unknown}


   Skills:
 - Level 4.0 Fighting
 + Level 6.4 Axes
 - Level 4.0 Armour
 - Level 4.0 Shields


You had 4 spell levels left.
You didn't know any spells.
Your spell library contained the following spells:

 Spells                   Type           Power      Damage    Failure   Level
 Freeze                   Ice            0%         1d3       86%         1
 Frozen Ramparts          Ice            0%         1d1       99%         3
 Hailstorm                Conj/Ice       0%         3d3       99%         3


Dungeon Overview and Level Annotations

Branches:
Dungeon (5/15)             Temple (1/1) D:5

Altars:
Cheibriados
Dithmenos
Fedhas
Gozag
Hepliaklqana
Kikubaaqudgha
Makhleb
Qazlal
Ru
Sif Muna
Trog
Uskayaw
Vehumet
Wu Jian
Yredelemnul
The Shining One

Annotations:
D:4 Sigmund


Innate Abilities, Weirdness & Mutations

You have a pair of horns on your head.
You reflexively headbutt those who attack you in melee.


Message History

There is a stone staircase leading down here.
Sigmund the Dreaded comes into view.
He is wielding a +1 scythe of venom and wearing a +2 robe of positive energy.
Sigmund shouts!
Sigmund moves out of view.
Sigmund is suddenly surrounded by pale green light.
Sigmund hits you from afar with a +1 scythe of venom!
You are poisoned.
You feel very sick.
You closely miss Sigmund.
You feel very sick. Sigmund closely misses you.
You closely miss Sigmund.
You feel very sick. You block Sigmund's attack.
You closely miss Sigmund. Your headbutt misses Sigmund.
You feel very sick.
Sigmund gestures wildly while chanting.
Sigmund flickers and vanishes!
Deactivating autopickup; reactivate with Ctrl-A.
You closely miss something.
You feel sick. Something hits you.
You hit something but do no damage. Your headbutt misses something.
You feel sick. Something hits you!
* * * LOW HITPOINT WARNING * * *
You are lethally poisoned!
You barely miss something.
* * * LOW HITPOINT WARNING * * *
You feel very sick.
It was a potion of invisibility.
You fade into invisibility!
* * * LOW HITPOINT WARNING * * *
You feel very sick.
You hear some strange, mumbled words.
A puff of flame appears from out of thin air!
The puff of flame misses you.
* * * LOW HITPOINT WARNING * * *
You feel sick.
A magic dart appears from out of thin air!
It was a potion of curing.
You feel better.
You closely miss something. Something hits you!
You die...

..... ####
.... #..
... #.#
..# ##.#
.. #.># #.
#.##
##.####@.#
#.....{..#
#.#####..#
# #.## #.#
#.# #..
.... ...#.


There were no monsters in sight!

Vanquished Creatures
  A necrophage (D:5)
  An orc priest (D:5)
  A hound (D:5)
  4 adders
  A worm (D:2)
  An orc (D:5)
  5 ball pythons
  3 bats
  6 endoplasms
  3 goblins
  2 hobgoblins
  A kobold (D:2)
  6 quokkas
  6 frilled lizards
  5 rats
46 creatures vanquished.

Vanquished Creatures (others)
  2 plants (D:1)
2 creatures vanquished.

Grand Total: 48 creatures vanquished

Notes
Turn   | Place    | Note
-------+----------+-------------------------------------------
     0 | D:1      | Darius099 the Minotaur Fighter began the quest for the Orb.
     0 | D:1      | Reached XP level 1. HP: 19/19 MP: 0/0
   142 | D:1      | Found a faded altar of an unknown god.
   170 | D:1      | Reached XP level 2. HP: 27/27 MP: 1/1
   883 | D:2      | Reached skill level 3 in Axes
   900 | D:2      | Reached XP level 3. HP: 33/33 MP: 2/2
  1007 | D:2      | Reached skill level 4 in Axes
  1200 | D:3      | You fall into a shaft and drop 2 floors!
  1200 | D:5      | Entered Level 5 of the Dungeon
  1235 | D:5      | Reached XP level 4. HP: 40/40 MP: 3/3
  1322 | D:5      | Reached skill level 5 in Axes
  1384 | D:5      | Noticed a necrophage
  1394 | D:5      | Killed a necrophage
  1395 | D:5      | Reached XP level 5. HP: 46/46 MP: 4/4
  1397 | D:5      | Found a sacrificial altar of Ru.
  1420 | D:5      | Found a staircase to the Ecumenical Temple.
  1425 | D:5      | Reached skill level 6 in Axes
  1428 | Temple   | Entered the Ecumenical Temple
  1505 | D:4      | Noticed Sigmund
  1522 | D:4      | HP: 2/46 [poisoned by Sigmund]
  1524 | D:4      | Slain by Sigmund

Illustrated notes

Levels and vault maps discovered:
D:1:      eino_arrival_water_cross, layout_loops_corners,
          chequers_ecumenical_altar_simple
D:2:      layout_rooms
D:3:      layout_rooms, uniq_crazy_yiuf_cottage, uniq_grinder
D:4:      layout_rooms, enter_ossuary_2, hangedman_decor_points, uniq_sigmund,
          uniq_edmund, uniq_robin
D:5:      layout_basic, okawaru_metal_pillars_1_2,
          mainiacjoe_overflow_small_starburst, minmay_temple_entry_proselytizer,
          nicolae_sextant, minmay_misc_feat_x,
          eino_small_chamber_without_monster
Temple:   minmay_freezing_vapour_temple

Skill      XL: |  1  2  3  4  5 |
---------------+----------------+-----
Shields        | 4 |  4.0
Fighting       | 4 |  4.0
Armour         | 4 |  4.0
Axes           | 3 4 5 6 |  6.4

Action                     |  1- 3 |  4- 6 || total
---------------------------+-------+-------++-------
  Melee: War axe           |    63 |    24 ||    87
         Headbutt          |     9 |     1 ||    10
  Throw: Boomerang         |     9 |       ||     9
    Use: Potion            |       |     2 ||     2
 Armour: Scale mail        |    24 |     3 ||    27
  Dodge: Dodged            |    45 |    14 ||    59
  Block: Buckler           |    10 |     4 ||    14

Table legend: (Time is in decaauts)
 A = Elapsed time spent in this place.
 B = Non-inter-level travel time spent in this place.
 C = Inter-level travel time spent in this place.
 D = Time resting spent in this place.
 E = Time spent auto-exploring this place.
 F = Levels seen in this place.
 G = Mean time per level.
                   A        B        C        D        E       F      G
               +--------+--------+--------+--------+--------+-----+--------+
         Total |   1556 |   1486 |     70 |      0 |   1035 |   6 |  259.3 |
       Dungeon |   1552 |   1482 |     70 |      0 |   1035 |   5 |  310.4 |
        Temple |      3 |      3 |      0 |      0 |      0 |   1 |    3.0 |
               +--------+--------+--------+--------+--------+-----+--------+

Top non-repeatable levels by time:
     D:1: 883 daAuts
     D:2: 337 daAuts
     D:5: 299 daAuts
     D:4: 27 daAuts
     D:3: 5 daAuts
  Temple: 3 daAuts
